 Dungeon Crawl Stone Soup version 0.18.1-48-g4cf74bf (webtiles) character file.

78 ololoev the Magician (level 4, 0/24 HPs)
             Began as a Deep Elf Fire Elementalist on July 25, 2016.
             Slain by an orc
             ... wielding a +0 halberd
              (1 damage)
             ... on level 6 of the Dungeon.
             The game lasted 00:05:23 (690 turns).

ololoev the Magician (Deep Elf Fire Elementalist)    Turns: 690, Time: 00:05:24

Health: 0/24       AC:  4    Str:  5    XL:     4   Next: 15%
Magic:  8/12       EV: 13    Int: 21    God:
Gold:   53         SH:  0    Dex: 15    Spells: 4 memorised, 0 levels left

rFire  . . .     SeeInvis .     e - +0 hand axe (chop)
rCold  . . .     Gourm    .     j - +2 robe {rN+}
rNeg   + . .     Faith    .     (no shield)
rPois  +         Spirit   .     (no helmet)
rElec  .         Dismiss  .     (no cloak)
rCorr  .         Reflect  .     (no gloves)
SustAt .         Harm     .     (no boots)
MR     .....                    (no amulet)
Stlth  ++........               (no ring)
                                f - ring of poison resistance

@: not resistant to hostile enchantments, unstealthy
A: no striking features
a: no special abilities

Inventory:

Hand Weapons
 e - a +0 hand axe of chopping (weapon)
Armour
 j - a +2 robe of positive energy (worn)
Jewellery
 f - a ring of poison resistance (left hand)
Scrolls
 a - a scroll of enchant weapon {unknown}
 d - 4 scrolls of identify {unknown}
 g - 2 scrolls of random uselessness {unknown}
 k - 2 scrolls of immolation {unknown}
Potions
 h - a potion of heal wounds {unknown}
 i - a potion of lignification {unknown}
Books
 b - a book of Flames

   Spells                             Type                      Level
   a - Flame Tongue                   Conjuration/Fire             1
   b - Throw Flame                    Conjuration/Fire             2
   c - Conjure Flame                  Conjuration/Fire             3
   d - Inner Flame                    Hexes/Fire                   3
   e - Sticky Flame                   Conjuration/Fire             4
   f - Fireball                       Conjuration/Fire             5
Comestibles
 c - a bread ration


   Skills:
 - Level 2.4 Dodging
 - Level 2.4 Stealth
 + Level 4.1 Spellcasting
 * Level 3.1 Conjurations
 + Level 3.9 Fire Magic


You couldn't memorise any spells.
You knew the following spells:

 Your Spells              Type           Power        Failure   Level  Hunger
a - Flame Tongue          Conj/Fire      ###..        2%          1    None
b - Conjure Flame         Conj/Fire      ###.....     10%         3    ###....
c - Sticky Flame          Conj/Fire      ###.....     28%         4    ####...
e - Inner Flame           Hex/Fire       ##......     17%         3    ###....


You were on level 6 of the Dungeon.
You were not hungry.

You visited 1 branch of the dungeon, and saw 6 of its levels.

You collected 71 gold pieces.
You spent 18 gold pieces at shops.

## ##.......≈≈≈≈≈# ###
..... #.........∩≈≈#
..#
......##.....#≈≈≈≈≈#
#.....
...............≈≈≈##
###)..
......##......###...#
. .. ......
#......##....# ## .
......##........._...#
......M........_..._.#
.......@..............
.......W.........⌠..
......#.#o..........
........#......_..._
.....#..........._.
...#.#.............
##.# ##............ #
##(.........
#.........

Notes
Turn   | Place    | Note
--------------------------------------------------------------
     0 | D:1      | ololoev the Deep Elf Fire Elementalist began the quest for the Orb.
     0 | D:1      | Reached XP level 1. HP: 10/10 MP: 6/6
   147 | D:1      | Reached XP level 2. HP: 11/15 MP: 0/8
   248 | D:2      | Noticed Sigmund
   251 | D:3      | Found a radiant altar of Vehumet.
   357 | D:4      | Reached XP level 3. HP: 19/19 MP: 7/10
   362 | D:4      | Learned a level 3 spell: Conjure Flame
   366 | D:4      | Learned a level 3 spell: Inner Flame
   395 | D:4      | Reached skill level 4 in Spellcasting
   494 | D:5      | Entered Level 5 of the Dungeon
   610 | D:5      | Reached XP level 4. HP: 23/24 MP: 8/12
   620 | D:5      | Learned a level 4 spell: Sticky Flame
   648 | D:6      | Found an iron altar of Okawaru.
   649 | D:6      | Found Keish's Antique Armour Emporium.
   654 | D:6      | Found a sparkling altar of Nemelex Xobeh.
   655 | D:6      | Found a stormy altar of Qazlal.
   657 | D:6      | Bought a glowing robe for 18 gold pieces
   671 | D:6      | Found a white marble altar of Elyvilon.
   671 | D:6      | Found a shadowy altar of Dithmenos.
   672 | D:6      | Found a burning altar of Makhleb.
   681 | D:6      | Noticed Menkaure
   681 | D:6      | Noticed ololoev's ghost (novice DEFE)
   690 | D:6      | HP: 1/24 [ololoev's ghost (1)]
   690 | D:6      | Slain by an orc

Dungeon Overview and Level Annotations

Branches:
Dungeon (6/15)
 Temple: D:4-7

Altars:
Dithmenos
Elyvilon
Makhleb
Nemelex Xobeh
Okawaru
Qazlal
Vehumet

Shops:
D:6 [

Annotations:
D:2 Sigmund
D:6 Menkaure; ololoev's ghost, novice DEFE


Message History

You start memorising the spell.
You continue memorising. x4
HP restored.
You finish memorising.
Spell assigned to 'c'.
Drop what? 9/52 slots (_ for help) (? for menu, Esc to quit)
You drop a book of Maledictions.
You climb downwards.
You hear the hiss of flowing sand.
There is an entrance to an ossuary on this level.
Hurry and find it before the portal is buried!
Found three items.
There is a stone staircase leading up here.
d - 4 scrolls labeled RUITEF NIYBAN (gained 1)
h - a murky amethyst potion
Found a scroll labeled NUXAZ ZIVEVAMP.
Found an iron altar of Okawaru.
Found 2 scrolls labeled IRCHIF KEIJ TOA.
Found Keish's Antique Armour Emporium.
Found a sparkling altar of Nemelex Xobeh.
Found a stormy altar of Qazlal.
There is an entrance to Keish's Antique Armour Emporium here.
j - a glowing robe Thank you for shopping at Keish's Antique Armour Emporium!
Unknown command.
Wear which item? (? for menu, Esc to quit)
You start removing your armour.
You continue taking off your +0 robe. x4
You finish taking off your +0 robe.
You start putting on your armour.
You continue putting on your glowing robe. x5
You finish putting on your +2 robe of positive energy.
You feel more protected from negative energy.
Drop what? 10/52 slots (_ for help) (? for menu, Esc to quit)
You drop a +0 robe.
You enter the shallow water.
Moving in this stuff is going to be slow.
You hear the slow hiss of a distant avalanche of sand.
Found a white marble altar of Elyvilon and a shadowy altar of Dithmenos.
Found a burning altar of Makhleb.
a - a scroll labeled NUXAZ ZIVEVAMP
Found 17 stones.
A shadow imp comes into view.
The shadow imp shouts, "Fly, thou featherweight swag-bellied mendicant!"
You hear a shout! x2
You see here 2 scrolls labeled IRCHIF KEIJ TOA.
Casting: Flame Tongue
Confirm with . or Enter, or press ? or * to list all spells.
Aiming: Flame Tongue
Press: ? - help, Shift-Dir - straight line, f - shadow imp
Aim: a shadow imp The flame tongue hits the shadow imp.
You kill the shadow imp!
Menkaure and a player ghost come into view.
Casting: Flame Tongue
Confirm with . or Enter, or press ? or * to list all spells.
You can't see any susceptible monsters within range! (Use Z to cast anyway.)
k - 2 scrolls labeled IRCHIF KEIJ TOA
Press: ? - help, v - describe, . - travel
Here: ololoev's ghost The floor.
Unknown command.
An orc comes into view. It is wielding a halberd.
Menkaure casts a spell.
Menkaure seems to speed up.
Found a mace.
Menkaure casts a spell at you.
You barely resist. Ololoev's ghost closely misses you.
Menkaure calls on the powers of darkness!
Your body is wracked with pain!
The orc convulses!
Menkaure gestures at you while chanting.
Pain shoots through your body!
Ouch! That really hurt!
Casting: Flame Tongue
Confirm with . or Enter, or press ? or * to list all spells.
Aiming: Sticky Flame
Press: ? - help, Shift-Dir - straight line, f - Menkaure
Aim: Menkaure (fast)
The sticky flame hits Menkaure.
Menkaure is burned terribly!
Menkaure is moderately damaged.
Menkaure is covered in liquid flames!
Menkaure burns!
Ololoev's ghost hits you.
The orc hits you from afar with a halberd.
You die...

You could see Menkaure (burning), ololoev's ghost and an orc.

Vanquished Creatures
  A worker ant (D:4)
  2 adders
  A shadow imp (D:6)
  2 dart slugs
  A giant gecko (D:1)
  An orc (D:3)
  2 bats
  2 giant cockroaches
  2 goblins
  2 jackals (D:1)
  4 kobolds (D:1)
  2 giant newts (D:1)
  A quokka skeleton (D:5)
  2 rats
25 creatures vanquished.

Vanquished Creatures (others)
  A goblin (D:3)
1 creature vanquished.

Grand Total: 26 creatures vanquished

Action                   |  1- 3 |  4- 6 || total
-------------------------+-------+-------++-------
Melee: Unarmed           |     4 |       ||     4
       Hand axe          |     2 |       ||     2
 Cast: Flame Tongue      |    32 |     2 ||    34
       Conjure Flame     |     2 |       ||     2
       Inner Flame       |     2 |       ||     2
       Sticky Flame      |       |     1 ||     1
 Stab: Sleeping          |     1 |       ||     1
Armor: Robe              |    15 |       ||    15
Dodge: Dodged            |    28 |     1 ||    29

Vault maps used:
D:1:      zaba_arrival_water
D:2:      wad_river_or_something, nemelex_lonely_heart_becter, uniq_sigmund,
          uniq_jessica
D:3:      fiery_altar_vehumet, minmay_misc_feat_iff, roderic_lattice_a,
          kennysheep_generic_room_16, uniq_robin
D:4:      serial_co_window_serial, co_window_of_opportunity_a,
          co_window_cross_1, co_window_of_opportunity_a,
          co_window_of_opportunity_a, co_window_corner_a,
          co_window_of_opportunity_b, co_window_broadway_a,
          co_window_unsneaky_path_c, co_window_of_opportunity_c,
          co_window_broadway_c, co_window_sun, glass_columns_a, glass_columns_b,
          glass_columns_c, glass_columns_a, uniq_pikel
D:5:      serial_shops, shop, first_bread, fedhas_altar_1, uniq_eustachio,
          uniq_prince_ribbit1
D:6:      grunt_temple_overflow_open, temple_fountains, serial_shops,
          nicolae_shop_waterfront, lightli_ossuary_entry_decrepit_ruins,
          uniq_menkaure, uniq_duvessa
